 Dungeon Crawl Stone Soup version 0.22-a0-265-g0d8bc90 (webtiles) character file.

135548 4thArraOfDagon the Stormcaller (level 16, -8/67 HPs)
             Began as a Spriggan Air Elementalist on Mar 6, 2018.
             Was the Champion of Elyvilon.
             Killed from afar by a deep elf annihilator (74 damage)
             ... with a crystal spear
             ... on level 3 of the Elven Halls on Mar 7, 2018.
             The game lasted 01:53:11 (19455 turns).

4thArraOfDagon the Stormcaller (SpAE)              Turns: 19455, Time: 01:53:12

Health: -8/67      AC: 10    Str:  4    XL:     16   Next: 64%
Magic:  7/58       EV: 29    Int: 26    God:    Elyvilon [******]
Gold:   1595       SH:  0    Dex: 24    Spells: 37/51 levels left

rFire    + + .     SeeInvis +   b - 9 scrolls of amnesia
rCold    + . .     Gourm    .   (shield restricted)
rNeg     + + .     Faith    .   t - +0 troll leather armour
rPois    +         Spirit   .   S - +3 hat of Pondering {ponderous, MR+ MP+10 Int+5}
rElec    +         Reflect  .   w - +2 cloak {MR+}
rCorr    +         Harm     .   (gloves unavailable)
MR       ++++.                  (boots unavailable)
Stlth    +++.......             T - amulet of the Final Decision {RegenMP rElec rF+ rN+}
HPRegen  0.61/turn              Q - ring of magical power
MPRegen  0.61/turn              H - ring of Coeps {rN+ Dex+3 Stlth+}

@: resistant, very quick
A: very small, unfitting armour, hooves 1, see invisible, agile 1, herbivore,
speed 3, slow metabolism 2, wild magic 1
a: Lesser Healing, Heal Other, Purification, Greater Healing, Divine Vigour,
Divine Protection, Renounce Religion


You were on level 3 of the Elven Halls.
You worshipped Elyvilon.
Elyvilon was exalted by your worship.
You were not hungry.

You visited 5 branches of the dungeon, and saw 27 of its levels.
You visited 1 bazaar.
You also visited: Bailey and Ice Cave.

You collected 3975 gold pieces.
You spent 2380 gold pieces at shops.

Inventory:

Hand Weapons
 a - a +1 dagger of venom
 M - the +3 spear of Gyngyi {pierce, rN+ Dex+3 SInv Stlth-}
   (You found it on level 6 of the Lair of Beasts)

   It inflicts extra damage upon your enemies.
   It affects your dexterity (+3).
   It protects you from negative energy.
   It lets you see invisible.
   It makes you less stealthy.
Missiles
 m - a throwing net (quivered)
Armour
 t - a +0 troll leather armour (worn)
 w - a +2 cloak of magic resistance (worn)
 S - the +3 hat of Pondering (worn) {ponderous, MR+ MP+10 Int+5}
   (You bought it in a shop on level 1 of the Orcish Mines)

   It affects your intelligence (+5).
   It affects your resistance to hostile enchantments.
   It affects your magic capacity (+10).
Jewellery
 d - an uncursed ring of protection from cold
 o - an uncursed ring of protection from fire
 v - an uncursed ring of resist corrosion
 B - an uncursed ring of wizardry
 H - the ring of Coeps (right hand) {rN+ Dex+3 Stlth+}
   (You found it on level 4 of the Lair of Beasts)

   [ring of positive energy]

   It affects your dexterity (+3).
   It protects you from negative energy.
   It makes you more stealthy.
 Q - a ring of magical power (left hand)
 T - the amulet of the Final Decision (around neck) {RegenMP rElec rF+ rN+}
   (You bought it in a shop on level 5 of the Dungeon)

   [amulet of magic regeneration]

   It increases your magic regeneration.
   It protects you from fire.
   It insulates you from electricity.
   It protects you from negative energy.
 U - an uncursed ring of poison resistance
 X - an uncursed ring of protection from cold
Wands
 g - a wand of enslavement (18)
 n - a wand of clouds (12)
 s - a wand of scattershot (5)
 I - a wand of iceblast (8)
 N - a wand of acid (2)
 P - a wand of polymorph (10)
 Y - a wand of paralysis (10)
Scrolls
 b - 9 scrolls of amnesia (in hand)
 f - 5 scrolls of enchant weapon
 h - 6 scrolls of noise
 p - 10 scrolls of teleportation
 q - 9 scrolls of remove curse
 u - 6 scrolls of magic mapping
 E - a scroll of identify
 G - a scroll of brand weapon
 K - 2 scrolls of enchant armour
 L - a scroll of holy word
 R - 3 scrolls of blinking
 W - a scroll of immolation {unknown}
 Z - 2 scrolls of fog
Potions
 e - 5 potions of cancellation
 i - 5 potions of heal wounds
 k - 6 potions of brilliance
 l - 12 potions of curing
 r - 2 potions of haste
 x - a potion of mutation
 z - 2 potions of magic
 A - 2 potions of agility
 C - a potion of invisibility
 D - 5 potions of might
 F - 2 potions of resistance
 J - 3 potions of ambrosia
 V - 2 potions of berserk rage
Miscellaneous
 j - 2 phantom mirrors
Comestibles
 c - 30 rations


   Skills:
 - Level 12.1 Dodging
 - Level 3.0 Stealth
 + Level 18.3 Spellcasting
 - Level 0.6 Conjurations
 * Level 19.7 Air Magic
 - Level 6.0 Invocations


You had 37 spell levels left.
You knew the following spells:

 Your Spells              Type           Power        Failure   Level  Hunger
a - Shock                 Conj/Air       ####         1%          1    None
b - Airstrike             Air            ########..   1%          4    None
c - Static Discharge      Conj/Air       #######.     1%          3    None
d - Apportation           Tloc           ####..       6%          1    None
e - Lightning Bolt        Conj/Air       #######...   3%          5    None


Dungeon Overview and Level Annotations

Branches:
Dungeon (15/15)            Temple (1/1) D:7            Lair (6/6) D:8
 Shoals (0/4) Lair:3       Spider (0/4) Lair:4        Slime (0/5) Lair:5
    Orc (2/2) D:10            Elf (3/3) Orc:2
 Vaults: D:13-14     Depths: D:15

Altars:
Ashenzari
Cheibriados
Dithmenos
Elyvilon
Fedhas
Gozag
Hepliaklqana
Kikubaaqudgha
Makhleb
Nemelex Xobeh
Okawaru
Qazlal
Ru
Sif Muna
Trog
Uskayaw
Wu Jian
Xom
Yredelemnul
Zin
The Shining One

Shops:
D:4 (!   D:5 !*=(%   D:13 [   Orc:1 [   Orc:2 ((([?=[?

Portals:
Trove: Elf:2 (give +4 fire dragon scales)

Annotations:
Lair:1 exclusion: oklob plant


Innate Abilities, Weirdness & Mutations

You are very small and have problems with some larger weapons.
You are too small for most types of armour.
You have supernaturally acute eyesight. (SInv)
You are a herbivore.
You cover ground extremely quickly.
You need to consume almost no food.
You have large cloven feet.
You are agile. (Dex +2)
Your spells are a little harder to cast, but a little more powerful.


Message History

The air twists around and strikes the deep elf annihilator!
The deep elf annihilator is heavily wounded.
Casting: Airstrike (safe; 1% risk of failure)
Confirm with . or Enter, or press ? or * to list all spells.
Aiming: Airstrike (safe; 1% risk of failure)
Press: ? - help, Dir - move target cursor, f/p - deep elf annihilator
Aim: a deep elf annihilator, wielding a dagger of protection (heavily wounded)
The air twists around and strikes the deep elf annihilator!
The deep elf annihilator is severely wounded.
Casting: Airstrike (safe; 1% risk of failure)
Confirm with . or Enter, or press ? or * to list all spells.
Aiming: Airstrike (safe; 1% risk of failure)
Press: ? - help, Dir - move target cursor, f/p - deep elf annihilator
Aim: a deep elf annihilator, wielding a dagger of protection (severely wounded)
The air twists around and strikes the deep elf annihilator!
The deep elf annihilator is almost dead.
The deep elf annihilator points at you and mumbles some strange words.
The crystal spear hits you!
Ouch! That really hurt!
You die...

#* *......,* #.# #...... #
*#.#..#** *####.#*#####.# #
#....# *....#.######.# ## *#...#
##...#*#.......# .## #...# #...#*
##.#####. ..## ####.[.#####..#*
*#.###.. ...####.)[..))<.#..##
##(#... ....#.#....(...(##..##
##.#.... ....[()...(..e..@)(..##
##..'....
.)....)......######...###.###....
.).##..#.....# ###....#.## ##...
..######.#...# #.....[)## ##..
.## #.##### #.#.....## ##. ## #.#
#..).....## ## # #.#
#.........####### ########.#
#.)....[.#....).. .........#
#.#.....##.######


You could see a deep elf annihilator.

Vanquished Creatures
  Nikola (Elf:3)
  A deep elf blademaster (Elf:2)
  Gastronok (Lair:2)
  A deep elf sorcerer (Elf:3)
  A frost giant (IceCv)
  2 deep elf elementalists (Elf:3)
  An orc warlord (Bailey)
  2 deep elf demonologists (Elf:3)
  The ghost of kuniqs the Blocker, a journeyman DDFi of Makhleb (Lair:6)
  2 deep elf annihilators (Elf:3)
  Nessos (Lair:5)
  A fire dragon (Lair:6)
  4 deep elf high priests (Elf:3)
  5 ogre magi
  3 hydras
  3 centaur warriors
  3 death yaks (D:8)
  22 two-headed ogres
  An orc high priest (Orc:2)
  6 dancing weapons
  4 deep elf knights
  An unseen horror (D:13)
  6 deep elf archers
  Pikel (D:8)
  3 orc knights (Bailey)
  An orc sorcerer (Orc:1)
  7 ugly things
  34 deep elf magi
  4 manticores
  2 cyclopes
  4 black mambas
  Psyche (D:9)
  A merfolk siren (Lair:3)
  10 spiny frogs
  3 molten gargoyles (Lair:6)
  A yaktaur (D:15)
  3 kobold demonologists
  10 komodo dragons
  A rime drake (Lair:3)
  A queen bee (Lair:2)
  5 trolls
  13 polar bears (IceCv)
  4 blink frogs (Lair:5)
  11 hippogriffs
  5 dream sheep (Lair:5)
  An air elemental (Elf:3)
  A vampire (D:14)
  A wraith (D:15)
  A water elemental (Elf:1)
  4 basilisks (Lair:6)
  4 steam dragons
  Eustachio (D:6)
  4 wyverns
  A fire elemental (Elf:3)
  36 yaks
  A human (D:8)
  2 hungry ghosts
  3 hogs (D:8)
  2 wargs
  3 soldier ants (D:12)
  Duvessa (D:5)
  12 water moccasins
  5 hell hounds
  6 porcupines
  25 orc warriors
  3 slaves (D:8)
  3 ice beasts
  A sky beast (D:5)
  3 black bears
  A necrophage (D:5)
  3 phantoms
  21 wolves
  9 centaurs
  38 ogres
  6 crocodiles
  5 big kobolds
  14 bullfrogs
  An earth elemental (Elf:3)
  A wyvern zombie (D:12)
  Dowan (D:5)
  A wyvern skeleton (D:14)
  4 scorpions
  19 killer bees (Lair:2)
  13 wights
  A howler monkey (D:13)
  3 electric eels (Lair:2)
  6 lava snakes (Lair:6)
  2 crimson imps
  2 centaur zombies
  4 hounds
  2 quasits
  A bullfrog zombie (D:5)
  2 centaur skeletons
  12 orc priests
  2 jellies
  10 orc wizards
  Ijyb (D:4)
  4 iguanas
  8 worker ants
  2 hound zombies
  3 hound skeletons
  A worker ant zombie (D:8)
  10 gnolls (Bailey)
  10 adders
  2 river rats (D:8)
  2 shadow imps
  An adder zombie (D:7)
  5 worms
  2 dart slugs (D:1)
  A leopard gecko (D:8)
  78 orcs
  7 giant cockroaches
  30 hobgoblins
  8 jackals
  19 kobolds
  8 quokkas
  9 bats
  4 frilled lizards
  A giant cockroach zombie (D:5)
  25 goblins
  A leopard gecko skeleton (D:4)
  A quokka zombie (D:8)
  11 rats
  A fungus (Lair:5)
761 creatures vanquished.

Vanquished Creatures (collateral kills)
  2 orcs (D:15)
2 creatures vanquished.

Vanquished Creatures (others)
  A deep elf demonologist (Elf:3)
  A deep elf knight (Elf:2)
  A deep elf archer (Elf:2)
  2 deep elf magi (Elf:2)
  An air elemental (Elf:2)
  An orc warrior (D:15)
  2 scorpions
9 creatures vanquished.

Grand Total: 772 creatures vanquished

Notes
Turn   | Place    | Note
-------+----------+-------------------------------------------
     0 | D:1      | 4thArraOfDagon the Spriggan Air Elementalist began the quest for the Orb.
     0 | D:1      | Reached XP level 1. HP: 9/9 MP: 5/5
   169 | D:3      | Reached skill level 3 in Air Magic
   229 | D:3      | Reached XP level 2. HP: 8/13 MP: 2/7
   498 | D:4      | Noticed a scorpion
   573 | D:4      | Found Hocweob's Distillery.
   593 | D:4      | Found Enaf's Weapon Shop.
   598 | D:4      | Noticed Ijyb
   659 | D:4      | Reached XP level 3. HP: 12/16 MP: 6/8
   700 | D:4      | Killed a scorpion
   700 | D:4      | Reached skill level 4 in Air Magic
   700 | D:4      | Reached XP level 4. HP: 14/21 MP: 5/10
   819 | D:4      | Found a white marble altar of Elyvilon.
   865 | D:4      | Bought a potion of heal wounds for 70 gold pieces
   874 | D:5      | Entered Level 5 of the Dungeon
   888 | D:5      | Noticed Duvessa
   888 | D:5      | Noticed Dowan
   896 | D:5      | Found Iselyr's Distillery.
   897 | D:5      | Noticed a phantom
   922 | D:5      | Found Hiugrugi's Antique Weapon Boutique.
   926 | D:5      | Found Gauppam's Jewellery Shoppe.
   930 | D:5      | Found Bogufitzic's General Store.
   948 | D:5      | Reached XP level 5. HP: 24/24 MP: 5/12
   961 | D:5      | Found Esepn's Food Shop.
   969 | D:5      | Learned a level 4 spell: Airstrike
  1022 | D:5      | Found a bloodstained altar of Trog.
  1108 | D:5      | Bought a scroll of teleportation for 36 gold pieces
  1108 | D:5      | Bought a scroll of remove curse for 36 gold pieces
  1108 | D:5      | Bought a scroll of noise for 12 gold pieces
  1143 | D:5      | Noticed a sky beast
  1163 | D:5      | Reached skill level 5 in Air Magic
  1226 | D:6      | Noticed a black bear
  1250 | D:5      | Killed Duvessa
  1250 | D:5      | Reached skill level 5 in Spellcasting
  1250 | D:5      | Reached XP level 6. HP: 27/28 MP: 9/14
  1251 | D:5      | Killed Dowan
  1266 | D:5      | Reached skill level 6 in Air Magic
  1292 | D:5      | Bought a potion of curing for 33 gold pieces
  1292 | D:5      | Bought a potion of lignification for 33 gold pieces
  1348 | D:6      | Noticed Eustachio
  1367 | D:6      | Killed Eustachio
  1367 | D:6      | Reached XP level 7. HP: 30/32 MP: 3/16
  1671 | D:7      | Learned a level 3 spell: Static Discharge
  1673 | D:7      | Learned a level 1 spell: Apportation
  1746 | D:7      | Noticed a hungry ghost
  1750 | D:7      | Killed a hungry ghost
  1755 | D:7      | Reached skill level 7 in Air Magic
  1874 | D:7      | Reached XP level 8. HP: 21/36 MP: 4/19
  2119 | D:7      | Found a staircase to the Ecumenical Temple.
  2126 | D:7      | Reached skill level 8 in Air Magic
  2130 | Temple   | Entered the Ecumenical Temple
  2201 | Temple   | Became a worshipper of Elyvilon the Healer
  2668 | D:5      | Reached skill level 9 in Air Magic
  2872 | D:4      | Bought a potion of magic for 112 gold pieces
  2883 | D:4      | Killed Ijyb
  3031 | D:3      | Reached * piety under Elyvilon
  3330 | D:2      | Found a shimmering altar of Xom.
  3633 | D:1      | Reached ** piety under Elyvilon
  4652 | D:6      | Reached skill level 1 in Invocations
  4652 | D:6      | Reached XP level 9. HP: 39/39 MP: 0/22
  4935 | D:8      | Found a glowing golden altar of the Shining One.
  4935 | D:8      | Found a snail-covered altar of Cheibriados.
  4973 | D:8      | Reached skill level 10 in Air Magic
  5080 | D:8      | Noticed Pikel
  5190 | D:8      | Killed Pikel
  5241 | D:8      | Reached XP level 10. HP: 27/44 MP: 1/24
  5280 | D:8      | Reached *** piety under Elyvilon
  5296 | D:8      | Noticed a death yak
  5337 | D:8      | Learned a level 5 spell: Lightning Bolt
  5388 | D:8      | Killed a death yak
  5388 | D:8      | Reached skill level 5 in Dodging
  5390 | D:8      | Noticed a death yak
  5432 | D:8      | Noticed a death yak
  5466 | D:8      | Killed a death yak
  5466 | D:8      | Reached skill level 10 in Spellcasting
  5467 | D:8      | Killed a death yak
  5467 | D:8      | Reached skill level 11 in Air Magic
  5467 | D:8      | Reached skill level 5 in Invocations
  5547 | D:8      | Found a staircase to the Lair.
  6018 | D:9      | Noticed Psyche
  6028 | D:9      | Killed Psyche
  6162 | D:10     | Entered Level 10 of the Dungeon
  6162 | D:10     | Found a staircase to the Orcish Mines.
  6273 | D:10     | Reached **** piety under Elyvilon
  6362 | D:10     | Noticed a two-headed ogre
  6386 | D:10     | Killed a two-headed ogre
  6386 | D:10     | Reached XP level 11. HP: 23/47 MP: 6/26
  6438 | D:10     | Found a blossoming altar of Fedhas.
  6679 | D:10     | Noticed a two-headed ogre
  6705 | D:10     | Killed a two-headed ogre
  6964 | D:12     | Found a flickering gateway to a bazaar.
  6966 | D:12     | Found a white marble altar of Elyvilon.
  6978 | D:12     | Reached ***** piety under Elyvilon
  7007 | Bazaar   | Entered a bazaar
  7007 | Bazaar   | Found Kedolis's General Store.
  7007 | Bazaar   | Found Seas's Antique Weapon Shop.
  7032 | Bazaar   | Found Amiudwam's Antique Armour Shop.
  7164 | D:12     | Reached skill level 12 in Air Magic
  7259 | D:11     | Noticed a four-headed hydra
  7312 | D:11     | Noticed a two-headed ogre
  7346 | D:11     | Noticed a red ugly thing
  7355 | D:11     | Killed a two-headed ogre
  7394 | D:11     | Killed a red ugly thing
  7634 | D:11     | Noticed a two-headed ogre
  7668 | D:11     | Killed a two-headed ogre
  7755 | D:13     | Found Sionisat's Armour Shop.
  7837 | D:13     | Noticed an unseen horror
  7842 | D:13     | Killed an unseen horror
  7842 | D:13     | Reached skill level 10 in Dodging
  7843 | D:13     | Noticed a skeletal warrior
  7845 | D:13     | Noticed a skeletal warrior
  7849 | D:13     | Noticed a skeletal warrior
  7851 | D:13     | Noticed a skeletal warrior
  7880 | D:13     | Reached skill level 13 in Air Magic
  7935 | D:12     | Reached XP level 12. HP: 51/51 MP: 10/29
  8210 | D:13     | Noticed a centaur warrior
  8223 | D:13     | Killed a centaur warrior
  8230 | D:13     | You fall through a shaft for 2 floors!
  8230 | D:15     | Entered Level 15 of the Dungeon
  8231 | D:15     | :O
  8254 | D:15     | Noticed a centaur warrior
  8254 | D:15     | Noticed a catoblepas
  8375 | D:15     | Noticed an eight-headed hydra
  8382 | D:15     | Killed an eight-headed hydra
  8410 | D:15     | Noticed a centaur warrior
  8429 | D:15     | Killed a centaur warrior
  8436 | D:15     | Noticed an ogre mage
  8437 | D:15     | Noticed a two-headed ogre
  8578 | D:15     | Noticed a two-headed ogre
  8579 | D:15     | Noticed a two-headed ogre
  8700 | D:14     | Found a frozen archway.
  8708 | IceCv    | Entered an ice cave
  8971 | IceCv    | Noticed a frost giant
  9012 | IceCv    | HP: 1/51 [frost giant/bolt of cold (24)]
  9019 | IceCv    | Killed a frost giant
  9019 | IceCv    | Reached skill level 14 in Air Magic
  9348 | D:14     | Noticed a two-headed ogre
  9363 | D:14     | Found a flagged portal.
  9369 | Bailey   | Entered a bailey
  9736 | Bailey   | Reached skill level 15 in Air Magic
  9736 | Bailey   | Reached XP level 13. HP: 50/55 MP: 31/31
  9806 | Bailey   | Reached XP level 14. HP: 59/59 MP: 26/33
  9850 | Bailey   | Noticed an orc warlord
  9893 | Bailey   | Killed an orc warlord
 10011 | Bailey   | Identified a scroll of acquirement
 10034 | D:14     | Reached ****** piety under Elyvilon
 10517 | D:14     | Found a shattered altar of Ashenzari.
 10932 | D:13     | Reached skill level 16 in Air Magic
 11208 | D:5      | Bought the amulet of the Final Decision {RegenMP rElec rF+ rN+} for 552 gold pieces
 11237 | D:4      | Bought a potion of curing for 42 gold pieces
 11237 | D:4      | Bought a potion of heal wounds for 70 gold pieces
 11237 | D:4      | Bought a potion of ambrosia for 112 gold pieces
 11364 | Orc:1    | Entered Level 1 of the Orcish Mines
 11367 | Orc:2    | Entered Level 2 of the Orcish Mines
 11378 | Orc:2    | Found Qiddow's Weapon Shoppe.
 11445 | Orc:2    | Found Ruffag's Magic Scroll Boutique.
 11485 | Orc:2    | Bought a scroll of magic mapping for 45 gold pieces
 11485 | Orc:2    | Bought a scroll of magic mapping for 45 gold pieces
 11600 | Orc:2    | Found Biuts's Weapon Shoppe.
 11797 | Orc:2    | Reached skill level 15 in Spellcasting
 12373 | Orc:2    | Found Baopsos's Jewellery Shoppe.
 12373 | Orc:2    | Found Utoegaf's Armour Shop.
 12374 | Orc:2    | Found Viub's Armour Boutique.
 12374 | Orc:2    | Found Maev's Magic Scroll Shoppe.
 12406 | Orc:2    | Bought a scroll of blinking for 105 gold pieces
 12406 | Orc:2    | Bought a scroll of magic mapping for 49 gold pieces
 12434 | Orc:2    | Reached skill level 17 in Air Magic
 12509 | Orc:2    | Found Pymu's Antique Weapon Shoppe.
 12511 | Orc:2    | Found a staircase to the Elven Halls.
 12670 | Orc:1    | Reached XP level 15. HP: 36/63 MP: 30/35
 12935 | Orc:1    | Found Izasav's Antique Armour Shop.
 13066 | Lair:1   | Entered Level 1 of the Lair of Beasts
 13642 | Lair:2   | Gained mutation: You have a pair of small horns on your head. [potion of mutation]
 13642 | Lair:2   | Gained mutation: Your system is resistant to poisons. (rPois) [potion of mutation]
 13904 | Lair:2   | Lost mutation: Your system is resistant to poisons. (rPois) [potion of mutation]
 13904 | Lair:2   | Lost mutation: You have a pair of small horns on your head. [potion of mutation]
 13904 | Lair:2   | Gained mutation: You are agile. (Dex +2) [potion of mutation]
 13904 | Lair:2   | Gained mutation: You have large cloven feet. [potion of mutation]
 13904 | Lair:2   | Gained mutation: Your spells are a little harder to cast, but a little more powerful. [potion of mutation]
 14120 | Lair:2   | Noticed Gastronok
 14166 | Lair:2   | Killed Gastronok
 14655 | Lair:3   | Found a bloodstained altar of Trog.
 14724 | Lair:3   | Found a staircase to the Shoals.
 15116 | Lair:4   | Found a hole to the Spider Nest.
 15222 | Lair:4   | Identified the ring of Coeps {rN+ Dex+3 Stlth+} (You found it on level 4 of the Lair of Beasts)
 15432 | Lair:5   | Noticed Nessos
 15446 | Lair:5   | Killed Nessos
 15613 | Lair:5   | Found a staircase to the Slime Pits.
 15679 | Lair:5   | Reached skill level 18 in Air Magic
 15826 | Lair:6   | Entered Level 6 of the Lair of Beasts
 15826 | Lair:6   | Noticed kuniqs's ghost (journeyman DDFi)
 16010 | Lair:6   | Killed kuniqs's ghost
 16277 | Lair:6   | Identified the +3 spear of Gyngyi {pierce, rN+ Dex+3 SInv Stlth-} (You found it on level 6 of the Lair of Beasts)
 16741 | Lair:6   | Found a large runed door.
 16965 | Lair:6   | Found a large runed door.
 17071 | Lair:6   | Identified the Grimoire of Shape Shifting
 17456 | Orc:1    | Bought the +3 hat of Pondering {ponderous, MR+ MP+10 Int+5} for 1028 gold pieces
 17456 | Orc:1    | Found the +3 hat of Pondering {ponderous, MR+ MP+10 Int+5}
 17504 | Elf:1    | Entered Level 1 of the Elven Halls
 17792 | Elf:2    | Found a portal to a secret trove of treasure.
 17999 | Elf:2    | Reached XP level 16. HP: 67/67 MP: 33/38
 18050 | Elf:2    | Found a huge runed gate.
 18050 | Elf:2    | Found a huge runed gate.
 18050 | Elf:2    | Found a huge runed gate.
 18053 | Elf:2    | Found a huge runed gate.
 18053 | Elf:2    | Found a huge runed gate.
 18208 | Elf:3    | Entered Level 3 of the Elven Halls
 18358 | Elf:2    | Reached skill level 19 in Air Magic
 19109 | Elf:3    | Noticed an Ice Fiend
 19199 | Elf:3    | Noticed a deep elf blademaster
 19219 | Elf:2    | Killed a deep elf blademaster
 19350 | Elf:3    | Noticed Nikola
 19449 | Elf:3    | Killed Nikola
 19455 | Elf:3    | Killed from afar by a deep elf annihilator

Vault maps used:
D:1:      lightli_arrival_maybe_door_vault
D:2:      xom_teletrap_fun, first_ration
D:3:      fiery_altar_vehumet
D:4:      serial_shops, shop, nicolae_shop_statue_plus, lemuel_statue_altar,
          uniq_ijyb
D:5:      serial_shops, nicolae_shop_crystal, nicolae_shop_waterfront,
          shop_coins, shop_statue, nicolae_shop_crystal, bloody_trog,
          uniq_duvessa
D:6:      uniq_eustachio
D:7:      minmay_temple_entry_fiery, minmay_joined_circles
D:8:      gammafunk_temple_overflow_wave, dpeg_lair_monsters,
          grunt_decor_mini_mirrors, grunt_livestock, uniq_pikel
D:9:      hangedman_decor_diamond_cutter, uniq_psyche
D:10:     minmay_orc_entry_temple_small, fedhas_bush_and_centaur_altar
D:12:     basic_altar, serial_shops, bzr_entry_dummy, minivault_29
D:13:     david_vaults_5, serial_shops, nicolae_shop_trees
D:14:     enter_bailey_3, evilmike_ruin_ashenzari,
          portal_ice_cave_entry_pillars_2, makhleb_altar_promises_db, uniq_snorg
D:15:     grunt_enter_depths_snipers, okawaru_ov_weapons_minmay,
          hangedman_decor_lopped, serial_bayou_pond_d
Temple:   compressed_dpeg_circular_temple
Lair:1:   minmay_lair_oklob_bushes, serial_bayou_shore_b
Lair:2:   special_room, serial_bayou_lake_a, uniq_gastronok
Lair:3:   minmay_shoals_entry_lonely_mermaid, basic_altar
Lair:4:   dummy_spider_entry, serial_bayou_pond_e
Lair:5:   slime_altar_1, fungi_pond_lemuel, uniq_nessos
Lair:6:   cheibrodos_lair_end_hotspot, nicolae_quartered_pool_little
Orc:1:    serial_shops, nicolae_shop_waterfront
Orc:2:    st_orc_ogre_mass, serial_shops, nicolae_shop_behind_doors,
          nicolae_shop_statue_plus, nicolae_shop_waterfront,
          nicolae_shop_waterfront, nicolae_orc_crystal_geode
Elf:1:    eino_elf_arrival_customs, orc_legates, grunt_megastairs_3
Elf:2:    nicolae_trove_entry_free_sample, lemuel_flamethrower_2
Elf:3:    nooodl_elf_gasket, uniq_nikola
Bazaar:   bazaar_jpeg_cross
Bailey:   bailey_axe_minmay_hex_keep, bailey
IceCv:    ice_cave_small_giant

Skill      XL: |  1  2  3  4  5  6  7  8  9 10 11 12 13 14 15 16 |
---------------+-------------------------------------------------+-----
Air Magic      | 3 4 5 6 7 9 10 11 13 15 17 18 19 | 19.7
Spellcasting   | 3 4 5 6 8 9 10 12 13 14 15 17 18 | 18.3
Invocations    | 1 4 5 6 |  6.0
Dodging        | 4 7 10 12 | 12.1
Stealth        | |  3.0
Conjurations   | |  0.6

Action                   |  1- 3 |  4- 6 |  7- 9 | 10-12 | 13-15 | 16-18 || total
-------------------------+-------+-------+-------+-------+-------+-------++-------
Melee: Spear             |     3 |       |       |       |     3 |       ||     6
       Short sword       |    48 |     6 |    23 |       |       |       ||    77
       Dagger            |       |     4 |   201 |    80 |   292 |     2 ||   579
       Kick              |       |       |       |       |    33 |     2 ||    35
       Headbutt          |       |       |       |       |     7 |       ||     7
 Cast: Shock             |    29 |    36 |   163 |   273 |    90 |       ||   591
       Airstrike         |       |     2 |    56 |   206 |   187 |   166 ||   617
       Lightning Bolt    |       |       |       |    20 |   124 |     6 ||   150
       Static Discharge  |       |       |       |    15 |   291 |    11 ||   317
       Apportation       |       |       |       |       |     6 |     1 ||     7
Invok: Greater Healing   |       |       |       |       |     3 |     1 ||     4
       Lesser Healing    |       |       |       |       |     2 |     2 ||     4
Evoke: Wand              |       |     2 |    14 |    73 |    18 |     2 ||   109
  Use: Scroll            |       |       |     9 |    19 |    13 |     3 ||    44
       Potion            |       |       |       |    12 |     5 |     1 ||    18
 Stab: Sleeping          |     6 |     2 |    11 |     1 |     5 |       ||    25
       Paralysed         |       |       |       |       |     1 |       ||     1
  Eat: Ration            |       |       |     4 |     7 |    10 |     2 ||    23
Armor: Robe              |     4 |     4 |    50 |     5 |       |       ||    63
       Skin              |       |       |       |    56 |       |       ||    56
       Troll leather arm |       |       |       |    24 |    68 |     4 ||    96
Dodge: Dodged            |    52 |    25 |   309 |   401 |   789 |    37 ||  1613

Table legend:
 A = Spawn XP
 B = Non-spawn XP
 C = Spawn XP percentage of total XP
 D = Spawn monster count
 E = Non-spawn monster count
 F = Spawn count percentage of total count
 G = Total turns spent on level
                    A         B        C        D         E        F      G
               +---------+---------+-------+---------+---------+-------+---------
         Total |       0 |  167524 |   0.0 |       0 |     759 |   0.0 | 19455
               +---------+---------+-------+---------+---------+-------+---------
           D:1 |       0 |      47 |   0.0 |       0 |      26 |   0.0 |   748
           D:2 |       0 |      85 |   0.0 |       0 |      22 |   0.0 |   591
           D:3 |       0 |      89 |   0.0 |       0 |      27 |   0.0 |   735
           D:4 |       0 |     176 |   0.0 |       0 |      13 |   0.0 |   653
           D:5 |       0 |     850 |   0.0 |       0 |      16 |   0.0 |   699
           D:6 |       0 |     948 |   0.0 |       0 |      23 |   0.0 |   663
           D:7 |       0 |     922 |   0.0 |       0 |      18 |   0.0 |   760
           D:8 |       0 |    5281 |   0.0 |       0 |      34 |   0.0 |   952
           D:9 |       0 |    1580 |   0.0 |       0 |      17 |   0.0 |   589
          D:10 |       0 |    3180 |   0.0 |       0 |      33 |   0.0 |   664
          D:11 |       0 |    5368 |   0.0 |       0 |      22 |   0.0 |   733
          D:12 |       0 |    1713 |   0.0 |       0 |      11 |   0.0 |   391
          D:13 |       0 |    7960 |   0.0 |       0 |      32 |   0.0 |   531
          D:14 |       0 |    9210 |   0.0 |       0 |      33 |   0.0 |   945
          D:15 |       0 |    3280 |   0.0 |       0 |      11 |   0.0 |   378
        Lair:1 |       0 |    2640 |   0.0 |       0 |      10 |   0.0 |   552
        Lair:2 |       0 |    8018 |   0.0 |       0 |      39 |   0.0 |   659
        Lair:3 |       0 |    2952 |   0.0 |       0 |      15 |   0.0 |   694
        Lair:4 |       0 |    1745 |   0.0 |       0 |       7 |   0.0 |   400
        Lair:5 |       0 |    9647 |   0.0 |       0 |      43 |   0.0 |   774
        Lair:6 |       0 |   12473 |   0.0 |       0 |      43 |   0.0 |  1196
         Orc:1 |       0 |    3369 |   0.0 |       0 |      37 |   0.0 |   610
         Orc:2 |       0 |   22005 |   0.0 |       0 |      64 |   0.0 |  1121
         Elf:1 |       0 |    7399 |   0.0 |       0 |      12 |   0.0 |   295
         Elf:2 |       0 |   13614 |   0.0 |       0 |      19 |   0.0 |   776
         Elf:3 |       0 |   30403 |   0.0 |       0 |      35 |   0.0 |   880
        Bailey |       0 |    4998 |   0.0 |       0 |      69 |   0.0 |   654
         IceCv |       0 |    7572 |   0.0 |       0 |      28 |   0.0 |   618
               +---------+---------+-------+---------+---------+-------+---------
